Map: Acid Plant LE

Players

SpeCial - Winner!

  • Race: Terran Terran
  • Spawn Location: 5:00

Snute

  • Race: Zerg Zerg
  • Spawn Location: 11:00

Event: WCS Leipzig 2018

VOD

Have the link to the VOD?

Description

Time

  • Played on: Jan. 27, 2018, 2:24 p.m.
  • Length: 14:36

All games in this series

Show
View Real Time Build Order
Export as new Build Order

SpeCial Terran - Winner!

Build Orders: Liberator Opening, Reaper Expand, Bio Tank, Mech 

Get SALT Encoding   

  12  0:00  SCV  
  13  0:13  SCV  
  14  0:17  Supply Depot  
  14  0:25  SCV  
  15  0:38  SCV  
  15  0:40  Barracks  
  16  0:43  Refinery  
  16  0:50  SCV  
  17  1:03  SCV  
  18  1:15  SCV  
  19  1:28  Orbital Command  
  19  1:29  Reaper  
  20  1:39  Command Center  
  20  1:48  Supply Depot  
  20  1:53  SCV  
  21  2:01  Marine  
  22  2:04  Factory  
  22  2:06  SCV  
  23  2:15  Refinery  
  23  2:18  SCV  
  24  2:23  Barracks Reactor  
  24  2:30  SCV  
  25  2:43  SCV  
  26  2:52  Orbital Command  
  26  2:53  Starport  
  26  2:55  SCV  
  27  3:04  Hellion x2  
  31  3:07  SCV  
  31  3:11  Barracks Tech Lab  
  32  3:15  Liberator  
  32  3:19  SCV x2  
  34  3:25  Hellion x2  
  38  3:30  Supply Depot  
  38  3:31  SCV  
  38  3:33  SCV  
  43  3:41  Marine  
  44  3:42  Stimpack  
  44  3:43  SCV  
  44  3:47  SCV  
  46  3:52  Hellion  
  46  3:53  Supply Depot  
  46  3:55  Hellion, SCV  
  51  3:58  Supply Depot  
  51  4:00  SCV  
  52  4:07  SCV  
  53  4:12  SCV  
  54  4:19  SCV  
  54  4:20  Command Center  
  55  4:24  SCV  
  55  4:27  Marine  
  57  4:31  SCV  
  57  4:35  Factory Tech Lab  
  57  4:36  SCV, Barracks x2  
  59  4:39  Starport Reactor  
  59  4:43  SCV  
  59  4:45  Marine  
  61  4:48  SCV  
  62  4:56  SCV  
  60  5:01  SCV, Siege Tank  
  60  5:02  Marine  
  55  5:08  SCV  
  55  5:10  Engineering Bay  
  55  5:11  Engineering Bay  
  55  5:12  Refinery  
  55  5:13  SCV, Refinery  
  57  5:20  SCV, Marine  
  59  5:24  Marine x2, Starport Reactor  
  59  5:25  SCV  
  59  5:28  Barracks  
  62  5:30  Marine x2  
  62  5:31  Barracks  
  62  5:32  SCV, Orbital Command  
  65  5:38  Marine  
  65  5:40  Terran Infantry Weapons Level 1, Terran Infantry Armor Level 1  
  65  5:42  Marine  
  67  5:43  Siege Tank  
  67  5:44  SCV  
  67  5:46  SCV  
  67  5:47  Marine  
  72  5:56  Orbital Command  
  72  5:59  Supply Depot  
  72  6:07  Supply Depot  
  72  6:08  Supply Depot  
  72  6:10  Medivac x2  
  72  6:11  SCV  
  77  6:20  SCV, Marine x2, Siege Tank  
  77  6:23  SCV  
  77  6:25  SCV  
  85  6:28  Barracks Reactor  
  85  6:29  Marine x2, Barracks Reactor  
  85  6:32  SCV, Marine  
  89  6:33  Supply Depot  
  89  6:34  Combat Shields  
  89  6:35  SCV  
  89  6:37  SCV  
  91  6:44  SCV, Marine x2  
  91  6:45  Supply Depot  
  91  6:46  Medivac  
  96  6:47  SCV, Marine x2  
  96  6:49  SCV  
  96  6:54  Marine  
  101  6:55  Supply Depot  
  101  6:56  SCV  
  101  6:58  Medivac  
  101  6:59  SCV  
  105  7:01  SCV  
  105  7:02  Marine x2  
  105  7:06  Refinery x2  
  108  7:09  SCV  
  108  7:11  SCV  
  108  7:12  Supply Depot, Armory, Marine x2  
  108  7:13  SCV  
  113  7:16  Marine  
  113  7:21  SCV  
  113  7:22  Siege Tank  
  118  7:23  SCV  
  118  7:24  Marine  
  118  7:25  Marine  
  118  7:29  SCV  
  122  7:32  Marine  
  122  7:33  SCV  
  122  7:35  SCV  
  125  7:40  Supply Depot  
  125  7:41  SCV  
  123  7:44  Factory  
  123  7:45  Marine x2  
  123  7:46  Marine  
  123  7:47  Factory  
  123  7:50  Marine  
  124  7:52  Marine  
  124  7:53  Marine x2  
  124  7:57  Siege Tank  
  130  7:58  Marine  
  130  7:59  Marine  
  130  8:03  Medivac x2  
  136  8:07  Marine  
  135  8:13  Marine  
  135  8:17  Marine x3  
  141  8:20  Supply Depot  
  141  8:21  Supply Depot, Marine  
  141  8:22  Supply Depot  
  141  8:24  Supply Depot  
  141  8:25  Marine  
  141  8:28  Marine x2  
  141  8:29  Siege Tank  
  141  8:30  Command Center, Marine  
  141  8:31  Marine  
  148  8:34  Factory Tech Lab x2  
  148  8:35  Marine x3  
  148  8:36  Terran Infantry Weapons Level 2  
  148  8:39  Marine  
  148  8:40  Terran Infantry Armor Level 2  
  152  8:43  Marine  
  152  8:45  Marine  
  152  8:46  Marine  
  152  8:48  Marine  
  155  8:55  Siege Tank  
  158  8:56  Marine x5  
  158  9:01  Marine  
  163  9:03  Terran Vehicle Weapons Level 1  
  163  9:08  Marine  
  163  9:09  Sensor Tower  
  164  9:10  Marine  
  164  9:14  Marine x2  
  164  9:15  Liberator x2  
  167  9:18  Siege Tank  
  167  9:20  Marine x2  
  167  9:24  Marine x3  
  172  9:26  Marine  
  172  9:28  Marine  
  177  9:34  Barracks  
  177  9:36  Marine x2, Barracks  
  177  9:37  Barracks  
  185  9:38  Marine x2  
  185  9:41  Siege Tank  
  185  9:42  Marine  
  185  9:43  Marine  
  185  9:45  Missile Turret  
  192  9:50  Marine  
  192  9:52  Marine x2  
  195  9:54  Marine  
  195  9:55  Marine  
  195  9:57  Siege Tank  
  199  10:02  Marine  
  198  10:13  Marine  
  198  10:14  Marine  
  198  10:15  Marine  
  200  10:24  Marine  
  200  10:26  Barracks Tech Lab  
  200  10:27  Barracks Tech Lab x2  
  172  10:35  Medivac x2  
  172  10:40  Siege Tank x2  
  172  10:41  Marine, Marauder  
  172  10:42  Marine  
  153  10:44  Siege Tank  
  153  10:45  Marine x4, Marauder  
  153  10:46  Marine  
  137  10:50  Marine  
  137  10:51  Marauder  
  137  10:55  Marauder  
  134  10:59  Marine  
  134  11:03  Marauder, Marine x3  
  121  11:04  Marine  
  121  11:05  Medivac  
  121  11:06  Marine  
  121  11:07  Marauder  
  121  11:10  Marine x2  
  120  11:12  Siege Tank, Marauder  
  120  11:16  Marauder  
  120  11:17  Marine  
  127  11:21  Marine x3  
  127  11:22  Marine  
  127  11:24  Marine, Marauder  
  116  11:28  Marine x2, Marauder  
  116  11:29  SCV  
  112  11:33  Marauder  
  112  11:34  Marine  
  112  11:37  Marauder  
  112  11:39  Marine x3  
  116  11:40  Planetary Fortress  
  116  11:42  Terran Infantry Weapons Level 3  
  116  11:43  SCV x3  
  116  11:46  Marine, Marauder  
  122  11:47  Marine  
  122  11:48  Marine x2  
  122  11:49  Marine  
  122  11:52  Marine  
  127  11:54  Marine  
  127  11:55  SCV x2  
  127  11:57  Marine  
  127  11:58  Medivac x2  
  127  12:00  Siege Tank  
  127  12:01  Marine  
  138  12:02  SCV  
  140  12:09  Marine, Marauder  
  140  12:11  Liberator x2  
  140  12:14  Marine x2  
  140  12:15  Marauder  
  145  12:22  SCV  
  145  12:23  SCV x2  
  145  12:26  Marine  
  145  12:27  Marauder  
  145  12:29  Siege Tank  
  159  12:30  Marauder  
  159  12:35  Marine  
  159  12:37  Marine, Marauder  
  155  12:43  Siege Tank  
  161  12:50  Marine, Marauder  
  164  12:57  Marine, Marauder  
  163  13:00  Marine  
  163  13:01  Marauder  
  163  13:04  SCV, Marine  
  163  13:05  Marine x2, Marauder  
  173  13:11  Marine  
  173  13:12  Medivac, Marauder  
  174  13:15  Medivac  
  178  13:23  Marine x4, Marauder  
  184  13:27  Marine x2, Marauder  
  184  13:32  Ghost Academy  
  188  13:35  Marine  
  188  13:36  Marauder  
  189  13:42  Medivac  
  189  13:43  Marine  
  189  13:44  Marauder  
  189  13:45  Medivac  
  194  13:52  Marine, Marauder  
  184  13:56  Marine, Marauder  
  184  14:01  Marine, Marauder  
  161  14:03  Marine x2  
  161  14:05  Marauder  
  161  14:07  Marine x3  
  164  14:10  Marine  
  164  14:14  Marauder  
Show
View Real Time Build Order
Export as new Build Order

Snute Zerg 

Build Orders: Pool First 

Get SALT Encoding   

  12  0:00  Drone  
  13  0:12  Overlord  
  13  0:17  Drone  
  14  0:30  Drone x2  
  14  0:34  Drone  
  17  0:44  Spawning Pool  
  17  0:48  Drone  
  17  1:08  Hatchery  
  17  1:11  Drone  
  17  1:13  Drone  
  17  1:16  Extractor  
  17  1:18  Drone  
  18  1:30  Queen  
  18  1:32  Zergling x2  
  21  1:38  Overlord  
  21  1:49  Drone  
  22  2:00  Drone  
  23  2:06  Queen  
  25  2:10  Drone  
  26  2:16  Metabolic Boost  
  26  2:19  Queen  
  26  2:21  Drone  
  29  2:24  Drone  
  30  2:30  Drone  
  30  2:32  Overlord  
  31  2:38  Drone x3  
  34  2:46  Drone x2  
  35  2:53  Drone  
  35  2:56  Drone  
  37  3:03  Hatchery  
  37  3:05  Drone  
  37  3:10  Drone x3  
  37  3:11  Overlord  
  40  3:17  Queen  
  40  3:19  Drone  
  43  3:21  Drone  
  43  3:24  Overlord  
  44  3:29  Overlord  
  44  3:31  Zergling x4  
  46  3:36  Queen  
  46  3:40  Drone  
  46  3:41  Zergling x4  
  51  3:43  Zergling x2  
  51  3:44  Zergling x2  
  53  3:53  Drone, Queen  
  53  3:54  Drone x2  
  58  3:57  Overlord  
  58  4:03  Drone x2  
  60  4:11  Drone x2  
  60  4:15  Overlord  
  60  4:16  Queen x2  
  65  4:18  Drone  
  66  4:28  Zergling x6, Queen  
  66  4:29  Zergling x2  
  72  4:35  Baneling Nest  
  72  4:36  Extractor  
  72  4:38  Spore Crawler  
  69  4:39  Zergling x6  
  71  4:52  Zergling x8  
  66  5:02  Drone x9  
  66  5:06  Drone x2  
  72  5:12  Zergling x6  
  75  5:19  Zergling x6  
  78  5:26  Baneling  
  78  5:27  Baneling x5  
  78  5:28  Baneling  
  78  5:29  Baneling x4  
  78  5:33  Zergling x6  
  81  5:40  Zergling x8  
  81  5:41  Evolution Chamber x2  
  77  5:51  Drone x2  
  77  5:52  Drone x5  
  77  5:55  Drone x2  
  80  5:58  Lair  
  80  5:59  Drone  
  81  6:07  Extractor  
  81  6:10  Drone, Extractor  
  81  6:11  Drone  
  81  6:12  Overlord  
  81  6:16  Drone, Extractor  
  81  6:17  Extractor  
  81  6:18  Zerg Ground Armor Level 1  
  80  6:21  Overlord  
  80  6:24  Overlord  
  80  6:32  Drone x7  
  87  6:33  Zerg Missile Weapons Level 1  
  87  6:38  Drone x2  
  87  6:39  Drone x2  
  92  6:40  Drone x2  
  93  6:47  Drone x3  
  93  6:54  Zergling x6  
  97  6:58  Centrifical Hooks  
  97  7:00  Hydralisk Den  
  98  7:01  Infestation Pit  
  98  7:03  Hatchery  
  98  7:04  Drone, Zergling x2  
  98  7:05  Zergling x4  
  100  7:12  Zergling x12  
  106  7:22  Overlord x2  
  101  7:36  Muscular Augments  
  100  7:37  Hive  
  100  7:40  Overlord x3  
  100  7:43  Drone x4  
  104  7:50  Overlord x2  
  104  7:55  Hydralisk  
  104  7:56  Hydralisk x4  
  112  8:01  Hydralisk x2  
  112  8:02  Hydralisk  
  119  8:10  Hydralisk x6  
  131  8:18  Zerg Ground Armor Level 2  
  131  8:24  Drone x2  
  131  8:25  Drone  
  134  8:29  Zerg Missile Weapons Level 2  
  134  8:31  Hydralisk  
  134  8:33  Zergling x8  
  134  8:34  Zergling x8  
  144  8:53  Ultralisk Cavern  
  144  8:55  Hatchery  
  142  8:56  Hydralisk x4  
  149  9:06  Overlord x2  
  149  9:07  Queen x3  
  153  9:15  Overlord  
  149  9:24  Hydralisk x6  
  149  9:30  Overlord x3  
  161  9:39  Chitinous Plating  
  161  9:40  Ultralisk  
  167  9:50  Ultralisk  
  173  9:53  Hatchery  
  172  10:05  Hatchery  
  172  10:06  Ultralisk  
  173  10:09  Zergling x2  
  173  10:10  Zergling x14  
  181  10:17  Baneling x6  
  181  10:18  Baneling x5  
  155  10:36  Hydralisk x5  
  154  10:47  Zergling x2  
  154  10:48  Zergling x30  
  144  11:01  Ultralisk  
  144  11:02  Zergling x2  
  144  11:03  Zergling x8  
  145  11:11  Zergling x12  
  134  11:22  Ultralisk  
  132  11:27  Ultralisk  
  121  11:46  Ultralisk  
  127  11:47  Zergling x18  
  136  12:02  Hydralisk x5  
  142  12:21  Ultralisk  
  137  12:31  Drone x5  
  137  12:32  Drone x3  
  137  12:42  Drone x4  
  137  12:43  Drone  
  142  12:55  Hydralisk  
  142  12:56  Hydralisk x2  
  135  13:07  Hatchery  
  135  13:09  Hydralisk  
  136  13:19  Ultralisk  
  142  13:35  Hydralisk x5  
  115  14:11  Hydralisk  
Tags
 
Add a new tag
Caveats
  • Supply blocks, unpowered buildings, or Contaminate may cause inaccurate times.
  • Supply counts are checked every 10 seconds.